 Dungeon Crawl Stone Soup version 0.25.1-9-gc5326a611f (webtiles) character file.

Game seed: 7496286860647011664

6 theanonym the Vexing (level 1, -1/15 HPs)
             Began as a Mummy Enchanter on Sept 1, 2021.
             Slain by a rat (2 damage)
             ... on level 1 of the Dungeon.
             The game lasted 00:00:20 (272 turns).

theanonym the Vexing (Mummy Enchanter)               Turns: 272, Time: 00:00:20

Health: -1/15      AC:  2    Str: 11    XL:     1   Next: 75%
Magic:  4/4        EV: 12    Int: 14    God:
Gold:   6          SH:  0    Dex: 12    Spells: 4/5 levels left

rFire    x . .     SeeInvis .   d - +0 club
rCold    + . .     Gourm    .   (no shield)
rNeg     + + +     Faith    .   b - +0 robe
rPois    ∞         Spirit   .   (no helmet)
rElec    .         Reflect  .   (no cloak)
rCorr    .         Harm     .   (no gloves)
MR       .....                  (no boots)
Stlth    ++........             (no amulet)
HPRegen  0.05/turn              (no ring)
MPRegen  0.09/turn              (no ring)

@: no status effects
A: no food or potions, fire vulnerability, cold resistance 1, negative energy
resistance 3, torment resistance, unbreathing
a: no special abilities


Innate Abilities, Weirdness & Mutations

You do not eat or drink.
Your flesh is vulnerable to fire.
You are immune to poison.
Your flesh is cold resistant. (rC+)
You are immune to negative energy. (rN+++)
You are immune to unholy pain and torment.
You can survive without breathing.


   Skills:
 + Level 1.0 Fighting
 - Level 0.7 Short Blades
 * Level 0.4 Maces & Flails
 - Level 1.5 Dodging
 - Level 2.4 Stealth
 - Level 2.6 Spellcasting
 - Level 2.6 Hexes


You had 4 spell levels left.
You knew the following spells:

 Your Spells              Type           Power        Failure   Level  Hunger
a - Corona                Hex            #......      8%          1    N/A

Your spell library contained the following spells:

 Spells                   Type           Power        Failure   Level  Hunger
 Ensorcelled Hibernation  Hex/Ice        #.....       19%         2    N/A
 Confusing Touch          Hex            #.......     22%         3    N/A
 Tukima's Dance           Hex            #.......     22%         3    N/A
 Dazzling Flash           Conj/Hex       #.....       36%         3    N/A

Skill      XL: |  1 |
---------------+----+-----
Fighting       | 1 |  1.0
Short Blades   | |  0.7
Maces & Flails | |  0.4
Dodging        | |  1.5
Stealth        | |  2.4
Spellcasting   | |  2.6
Hexes          | |  2.6

Action                   || total
-------------------------++-------
Melee: Club              ||    12
       Dagger            ||    11
Armor: Robe              ||     5
Dodge: Dodged            ||    12

Inventory:

Hand Weapons
 a - a +1 dagger
 d - a +0 club (weapon)
Armour
 b - a +0 robe (worn)
Scrolls
 c - a scroll of amnesia {unknown}
 e - a scroll of identify {unknown}


You were on level 1 of the Dungeon.
You were not hungry.

You visited 1 branch of the dungeon, and saw 1 of its levels.

You collected 6 gold pieces.

Dungeon Overview and Level Annotations

Branches:
Dungeon (1/15)

Altars:

..$......# .........+
.........# ######
..r......# #....# .#
..g......# #....+..#
#...).# #....##.. ###.#g#
#....##.# # #r#
##....##.# #.
#@####.>...##.#
#.######....#.....##.###
...#....###.#..........#
......>.###.#..#####.#.#
........+...#..#####.#.#
........#.....)##....#.#
...b....#.####.##.####.#
..................####.#
.....%..#.###.##.....#.#.


You could see a goblin, a bat and a rat.

Notes
Turn   | Place    | Note
-------+----------+-------------------------------------------
     0 | D:1      | theanonym the Mummy Enchanter began the quest for the Orb.
     0 | D:1      | Reached XP level 1. HP: 13/13 MP: 4/4
   179 | D:1      | Reached skill level 1 in Fighting
   268 | D:1      | HP: 5/15 [goblin (4)]
   269 | D:1      | HP: 1/15 [goblin (2)]
   272 | D:1      | Slain by a rat

Vanquished Creatures
  A bat (D:1)
  3 goblins (D:1)
  A rat (D:1)
5 creatures vanquished.

Table legend:
 A = Turns spent in this place as a percentage of turns spent in the entire game.
 B = Non-inter-level travel turns spent in this place as a percentage of non-inter-level travel turns spent in the entire game.
 C = Inter-level travel turns spent in this place as a percentage of turns spent in this place.
 D = Turns resting spent in this place as a percentage of non-inter-level travel turns spent in this place.
 E = Turns spent auto-exploring this place as a percentage of non-inter-level travel turns spent in this place.
 F = Non-inter-level travel turns spent in this place divided by the number of levels of this place that you've seen.
                   A       B       C       D       E      F
               +-------+-------+-------+-------+-------+----------------------
         Total | 100.0 | 100.0 |   0.0 |  48.5 |  33.5 | 272.0
       Dungeon | 100.0 | 100.0 |   0.0 |  48.5 |  33.5 | 272.0
               +-------+-------+-------+-------+-------+----------------------
